 Dungeon Sprint DCSS version 0.30-a0-883-g5ad918d77d (webtiles) character file.

Game seed: 15816633794676825296

50 testman the Shield-Bearer (level 4, -17/39 HPs)
             Began as a Formicid Fighter on Mar 17, 2023.
             Was an Initiate of Okawaru.
             Demolished by a +3 long sword of holy wrath (20 damage)
             ... in the Dungeon (Sprint V: "Ziggurat Sprint").
             The game lasted 00:05:52 (291 turns).

testman the Shield-Bearer (Formicid Fighter)         Turns: 291, Time: 00:05:52

Health: -17/39     AC: 27    Str: 22    XL:     4   Next: 4%
Magic:  7/7        EV:  4    Int:  8    God:    Okawaru [......]
Gold:   0          SH: 17    Dex: 13    Spells: 3/3 levels left

rFire   + + .      SeeInvis +    C - +7 great mace "Firestarter" {flame, inner flame, rFlCloud rF++}
rCold   . . .      Faith    .    E - +3 tower shield
rNeg    . . .      Spirit   .    B - +15 Maxwell's patent armour {-Cast -Tele rElec Will+ rCorr}
rPois   .          Reflect  .    (helmet unavailable)
rElec   +          Rampage  .    (no cloak)
rCorr   +          NoCast   +    (no gloves)
Will    +....                    (no boots) Stlth
                                 (no amulet)
HPRegen 0.26/turn                (no ring)
MPRegen 0.10/turn                (no ring)

@: mighty
A: permanent stasis, dig shafts and tunnels, antennae 3, four strong arms
a: Dig, Renounce Religion


You were in the Dungeon.
You worshipped Okawaru.
Okawaru was noncommittal.
You visited 1 branch

Inventory:

Hand Weapons
 A - the +10 dark maul {heavy}
   (You found it in the Dungeon)
 C - the +7 great mace "Firestarter" (weapon) {flame, inner flame, rFlCloud rF++}
   (You found it in the Dungeon)

   rFlCloud:  It grants immunity to clouds of flame.
   rF:        It greatly protects you from fire.
Armour
 B - the +15 Maxwell's patent armour (worn) {-Cast -Tele rElec Will+ rCorr}
   (You found it in the Dungeon)

   rElec:     It insulates you from electricity.
   -Cast:     It prevents spellcasting.
   -Tele:     It prevents most forms of teleportation.
   rCorr:     It protects you from acid and corrosion.
   Will:      It increases your willpower.
 D - the +18 shield of the Gong {Loud rN+ Will+ rCorr EV-5}
   (You found it in the Dungeon)

   Loud:      It is deafeningly noisy when blocking attacks.
   EV:        It affects your evasion (-5).
   rN:        It protects you from negative energy.
   rCorr:     It protects you from acid and corrosion.
   Will:      It increases your willpower.
 E - a +3 tower shield (worn)
Jewellery
 s - a ring of flight
 x - a +6 ring of strength
 y - a +6 ring of strength
Wands
 q - a wand of mindburst (7)
 r - a wand of acid (7) (quivered)
Scrolls
 a - 3 scrolls of brand weapon
 h - 4 scrolls of blinking
 m - 4 scrolls of amnesia
 n - 7 scrolls of fog
 o - 5 scrolls of identify
 p - 2 scrolls of fear
Potions
 d - 5 potions of might
 e - 10 potions of curing
 f - 10 potions of heal wounds
 g - 7 potions of magic
 i - 2 potions of brilliance
 j - 2 potions of invisibility
 k - 4 potions of resistance
Miscellaneous
 b - a piece from Xom's chessboard (15/15)
 z - a lightning rod (4/4)


   Skills:
 + Level 5.4 Fighting
 + Level 4.4 Maces & Flails
 + Level 5.5 Armour
 + Level 6.5 Shields
 + Level 4.5 Invocations


You had 3 spell levels left.
You didn't know any spells.
Your spell library was empty.

Dungeon Overview and Level Annotations

Branches:
Dungeon (1/1)

Altars:
Ashenzari
Cheibriados
Dithmenos
Elyvilon
Fedhas
Gozag
Hepliaklqana
Kikubaaqudgha
Makhleb
Nemelex Xobeh
Okawaru
Qazlal
Ru
Sif Muna
Trog
Uskayaw
Vehumet
Wu Jian
Xom
Yredelemnul
Zin
The Shining One
Jiyva
Lugonu

Annotations:
D 1 transporter


Innate Abilities, Weirdness & Mutations

You cannot be hasted, slowed, berserked, paralysed or teleported.
You can dig through walls and to a lower floor.
You have a pair of large antennae on your head. (SInv)
Your four strong arms can wield two-handed weapons with a shield.


Message History

Welcome to arena 3.
You enter the transporter and appear at another place. 2 deep elf zephyrmancers, an air elemental and a +3 long sword of holy wrath come into view.
The air elemental fires a burst of electricity at you.
The stunning burst hits you. You resist.
Found four items.
Found a transporter.
You feel very mighty all of a sudden.
You hit the +3 long sword of holy wrath.
The +3 long sword of holy wrath is filled with an inner flame.
The +3 long sword of holy wrath is moderately damaged.
The air elemental fires a burst of electricity at you.
The stunning burst hits you. You resist. You block the air elemental's attack.
The +3 long sword of holy wrath hits you!
The air elemental fires a burst of electricity at you.
The stunning burst hits you but does no damage.
The +3 long sword of holy wrath hits you.
The deep elf zephyrmancer gestures wildly while chanting.
The deep elf zephyrmancer blinks!
You block the air elemental's attack.
You block the +3 long sword of holy wrath's attack.
The deep elf zephyrmancer casts a spell at you.
The bolt of lightning hits the +3 long sword of holy wrath.
The +3 long sword of holy wrath completely resists.
The bolt of lightning hits you! You resist.
The bolt of lightning hits the air elemental.
The air elemental completely resists.
You block the air elemental's attack.
Okay, then.
Okay, then.
Okay, then.
Okay, then.
Okay, then.
You barely miss the air elemental. The air elemental hits you.
* * * LOW HITPOINT WARNING * * *
The +3 long sword of holy wrath hits you but does no damage.
The air elemental hits you but does no damage.
The +3 long sword of holy wrath hits you!
* * * LOW HITPOINT WARNING * * *
You block the air elemental's attack.
The +3 long sword of holy wrath hits you!!
Ouch! That really hurt!
You die...

▓▓▓▓▓▓▓▓▓▓▓▓▓▓▓▓▓▓▓
▓.8©8.▓.8©8.▓.8©8.▓
▓.})[.▓...).▓.....▓
▓..[..▓.....▓...[.▓
▓.....▓.....▓.))..▓
▓..e..▓.††..▓.....▓
▓..(E.▓.....▓..©..▓
▓.e@..▓..©..▓▓▓▓▓▓▓
▓▓▓▓▓▓▓▓▓▓▓▓▓ {{{
{{{ { { {


You could see 2 deep elf zephyrmancers, an air elemental and a +3 long sword of
holy wrath (inner flame).

Vanquished Creatures
  An orc priest (D)
  An adder (D)
  An orc (D)
  2 ball pythons (D)
5 creatures vanquished.

Notes
Turn   | Place    | Note
-------+----------+-------------------------------------------
     0 | D        | testman the Formicid Fighter began the quest for the Orb.
     0 | D        | Reached XP level 1. HP: 18/18 MP: 1/1
     0 | D        | Found a shimmering blue altar of Sif Muna.
     0 | D        | Found a sacrificial altar of Ru.
     0 | D        | Found a bloodstained altar of Trog.
     0 | D        | Found a stormy altar of Qazlal.
     0 | D        | Found an iron altar of Okawaru.
     0 | D        | Found a sparkling altar of Nemelex Xobeh.
     0 | D        | Found a blossoming altar of Fedhas.
     0 | D        | Found the +6 Majin-Bo {spellvamp, MP+6 Int+6}
     0 | D        | Found the +27 heavy crossbow "Sniper" {heavy, Acc+∞ SInv}
     0 | D        | Found the +10 dark maul {heavy}
     0 | D        | Found the +15 Maxwell's patent armour {-Cast -Tele rElec
                  | Will+ rCorr}
     0 | D        | Found the +18 shield of the Gong {Loud rN+ Will+ rCorr
                  | EV-5}
     0 | D        | Found the +16 obsidian axe {drain, demonic, Mesm Drain Fly
                  | SInv}
     0 | D        | Found the +7 great mace "Firestarter" {flame, inner flame,
                  | rFlCloud rF++}
     0 | D        | Found the +6 shillelagh "Devastator" {shatter}
     0 | D        | Found the +11 plutonium sword {Contam Stlth-}
     0 | D        | Found the +8 lance "Wyrmbane" {slay drac, rPois rF+ rC+
                  | AC+3}
     0 | D        | Found the +9 sword of Zonguldrok {reap}
     0 | D        | Found the +13 scythe of Curses {drain, curses, Drain}
     0 | D        | Found the +9 sword of Power {lifebolt}
     0 | D        | Found the +7 mace of Variability {chaos, chain chaos}
     0 | D        | Found the +11 Singing Sword {sonic wave}
     0 | D        | Found the +8 storm bow {elec, penet}
     2 | D        | Found a transporter.
     2 | D        | Found an ancient bone altar of Kikubaaqudgha.
     2 | D        | Found a viscous altar of Jiyva.
     2 | D        | Found a corrupted altar of Lugonu.
     2 | D        | Found a hazy altar of Hepliaklqana.
     2 | D        | Found a burning altar of Makhleb.
     2 | D        | Found an opulent altar of Gozag.
   169 | D        | Became a worshipper of Warmaster Okawaru
   187 | D        | Reached skill level 5 in Shields
   187 | D        | Reached XP level 2. HP: 26/26 MP: 1/4
   221 | D        | Entered arena 2.
   221 | D        | Found a transporter.
   225 | D        | Reached skill level 5 in Fighting
   225 | D        | Reached skill level 5 in Armour
   225 | D        | Reached skill level 6 in Shields
   225 | D        | Reached XP level 3. HP: 23/33 MP: 4/6
   271 | D        | Entered arena 3.
   271 | D        | Found a transporter.
   278 | D        | Reached XP level 4. HP: 39/39 MP: 7/7
   288 | D        | Entered arena 4.
   288 | D        | Noticed a deep elf zephyrmancer
   288 | D        | Noticed a deep elf zephyrmancer
   288 | D        | Noticed an air elemental
   288 | D        | Noticed a +3 long sword of holy wrath
   288 | D        | Found a transporter.
   291 | D        | Demolished by a +3 long sword of holy wrath

Illustrated notes

Levels and vault maps discovered:
D:        sprint_v [room_start, room_1, room_2, room_3, room_4, room_5, room_6,
          room_7, room_8, room_9, room_10, room_11, room_12, room_13, room_14,
          room_15, room_16, room_17, room_18, room_19, room_20, room_21,
          room_22, room_23, room_24, room_25, room_26, room_27]

Skill      XL: |  1  2 |
---------------+-------+-----
Fighting       | 4 5 |  5.4
Maces & Flails | 3 4 |  4.4
Armour         | 4 5 |  5.5
Shields        | 5 6 |  6.5
Invocations    | 3 4 |  4.5

Action                     |  1- 3 |  4- 6 || total
---------------------------+-------+-------++-------
  Melee: Great mace        |     7 |     2 ||     9
    Use: Potion            |     1 |     1 ||     2
 Armour: Plate armour      |     8 |     3 ||    11
  Dodge: Dodged            |     2 |       ||     2
  Block: Tower shield      |    12 |     5 ||    17

Table legend: (Time is in decaauts)
 A = Elapsed time spent in this place.
 B = Non-inter-level travel time spent in this place.
 C = Inter-level travel time spent in this place.
 D = Time resting spent in this place.
 E = Time spent auto-exploring this place.
 F = Levels seen in this place.
 G = Mean time per level.
                   A        B        C        D        E       F      G
               +--------+--------+--------+--------+--------+-----+--------+
         Total |    296 |    236 |     60 |     24 |     47 |   1 |  296.0 |
       Dungeon |    296 |    236 |     60 |     24 |     47 |   1 |  296.0 |
               +--------+--------+--------+--------+--------+-----+--------+

Top non-repeatable levels by time:
       D: 296 daAuts
